cohdb
Replays
Latest Replays
All Replays
Popular Replays
Top Player Replays
Match Explorer
How It Works
Community
CoH3 Stats
Reddit
Sign in to upload your games and track your stats! →
Sign in with Steam
Match 24901198
Unlisted
Match 24901198
Overview
Messages
Build Orders
End
Construct Section Command Post
Royal Engineer Section
Vickers Machine Gun Team
Infantry Section
Infantry Section
Construct Platoon Command Post
Humber Armored Car
Selects Air and Sea Battlegroup
Selects Supply Surplus
Construct Field Infirmary
Royal Engineer Section
Selects Commando Section Paradrop
Selects M1 Pack Howitzer Paradrop
M1 Pack Howitzer Paradrop
Construct Company Command Post
Matilda II Heavy Tank
Foot Guards Section
RunningWithFate
Wrathment
0
0
Comments
sign in to comment!
No comments posted yet!